 Dungeon Crawl Stone Soup version 0.29-a0-284-gf9362112df (webtiles) character file.

Game seed: 9283631706531068760

11844 Ijustatesigmund the Fighter (level 11, 0/156 HPs)
             Began as a Minotaur Monk on Mar 14, 2022.
             Was a High Priest of Cheibriados.
             Engulfed by a cloud of flame (13 damage)
             ... on level 11 of the Dungeon.
             The game lasted 00:20:00 (12049 turns).

Ijustatesigmund the Fighter (Minotaur Monk)        Turns: 12049, Time: 00:20:00

Health: 0/156      AC: 26    Str: 32    XL:     11   Next: 54%
Magic:  7/15       EV: 10    Int: 18    God:    Cheibriados [*****.]
Gold:   1199       SH:  0    Dex: 18    Spells: 10/10 levels left

rFire   . . .      SeeInvis +   a - +2 war axe (freeze)
rCold   + . .      Faith    +   (no shield)
rNeg    + + +      Spirit   .   b - +3 plate armour
rPois   .          Reflect  .   (helmet restricted)
rElec   .          Harm     .   (no cloak)
rCorr   .          Rampage  .   F - +0 pair of gloves
Will    .....                   E - +1 pair of boots
Stlth   ..........              d - amulet "Rabocre" {Faith rC+ rN+++ Dex-5 SInv}
HPRegen 0.36/turn               G - +4 ring of protection
MPRegen 0.14/turn               q - +4 ring of slaying

@: berserking, flayed, very slow
A: horns 2, retaliatory headbutt
a: Renounce Religion, Bend Time, Temporal Distortion, Slouch, Step From Time


You were on level 11 of the Dungeon.
You worshipped Cheibriados.
Cheibriados was extremely pleased with you.
You visited 2 branches of the dungeon, and saw 12 of its levels.
You also visited: Sewer.

You collected 1430 gold pieces.
You spent 231 gold pieces at shops.

Inventory:

Hand Weapons
 a - a +2 war axe of freezing (weapon)
 h - a +2 demon whip of venom
 p - a +5 morningstar
Armour
 b - a +3 plate armour (worn)
 E - a +1 pair of boots (worn)
 F - a +0 pair of gloves (worn)
Jewellery
 d - the amulet "Rabocre" (around neck) {Faith rC+ rN+++ Dex-5 SInv}
   (You bought it in a shop on level 1 of the Dungeon)

   [amulet of faith]

   It allows you to gain divine favour quickly.
   Dex:       It affects your dexterity (-5).
   rC:        It protects you from cold.
   rN:        It renders you almost immune to negative energy.
   SInv:      It lets you see invisible.
 e - a ring of protection from cold
 g - a ring of see invisible
 k - a ring of ice
 q - a +4 ring of slaying (right hand)
 y - an amulet of reflection
 G - a +4 ring of protection (left hand)
 H - a ring of protection from fire
Wands
 c - a wand of acid (1)
 o - a wand of iceblast (12)
 r - a wand of digging (1)
 s - a wand of polymorph (19)
 t - a wand of charming (5)
 v - a wand of flame (33)
Scrolls
 f - a scroll of amnesia
 n - 2 scrolls of fear
 w - a scroll of fog
 x - 2 scrolls of brand weapon
Potions
 i - 3 potions of brilliance
 j - a potion of lignification
 l - a potion of cancellation
 m - a potion of ambrosia
 u - 2 potions of mutation
 z - a potion of berserk rage
 A - a potion of attraction
 B - a potion of might
 D - a potion of flight


   Skills:
 + Level 12.3 Fighting
 + Level 12.3 Axes
 + Level 11.7 Armour
 - Level 3.2 Dodging
 - Level 1.5 Stealth
 + Level 7.2 Invocations


You had 10 spell levels left.
You didn't know any spells.
Your spell library contained the following spells:

 Spells                   Type           Power      Damage    Failure   Level
 Animate Skeleton         Necr           0%         N/A       78%         1
 Beastly Appendage        Tmut           0%         N/A       78%         1
 Magic Dart               Conj           0%         1d3       78%         1
 Pain                     Necr           0%         1d4       78%         1
 Shock                    Conj/Air       0%         1d3       78%         1
 Searing Ray              Conj           0%         2d4       89%         2
 Wereblood                Tmut           0%         N/A       89%         2
 Spider Form              Tmut/Pois      0%         N/A       98%         3
 Swiftness                Air            0%         N/A       98%         3
 Vampiric Draining        Necr           0%         2d6       98%         3
 Airstrike                Air            0%         N/A       100%        4
 Fulminant Prism          Conj/Hex       0%         3d6       100%        4


Dungeon Overview and Level Annotations

Branches:
Dungeon (11/15)            Temple (1/1) D:6           Sewer (visited)
   Lair: D:8-11         Orc: D:9-12

Altars:
Ashenzari
Cheibriados
Dithmenos
Elyvilon
Fedhas
Gozag
Hepliaklqana
Kikubaaqudgha
Makhleb
Nemelex Xobeh
Okawaru
Qazlal
Ru
Sif Muna
Trog
Uskayaw
Vehumet
Wu Jian
Xom
Yredelemnul
Zin
The Shining One

Shops:
D:1 *   D:7 =

Annotations:
D:5 2 transporters, Dabor's ghost, novice GrFi
D:8 3 runed translucent doors, Dabor's ghost, novice PaBe


Innate Abilities, Weirdness & Mutations

You have a pair of horns on your head.
You reflexively headbutt those who attack you in melee.


Message History

The fire giant barely misses you.
You hit the fire giant. You freeze the fire giant. You headbutt the fire giant!
The fire giant is moderately wounded.
The flow of time bends around you.
Cheibriados rebukes the fire giant.
The fire giant seems to slow down.
The fire giant misses you.
You slash the fire giant! You freeze the fire giant.
You headbutt the fire giant!
The fire giant is heavily wounded.
You are engulfed in blazing flames.
The flayed ghost cries, "Feel what I felt!"
Terrible wounds open up all over your body!
The fire giant hits you with a +2 great sword of flaming!!
* * * LOW HITPOINT WARNING * * *
The fire giant burns you!
* * * LOW HITPOINT WARNING * * *
The forest fire spreads!
Okay, then.
Okay, then.
Activating: Slouch (8% risk of failure)
Press: ? - help, Dir - look around, f - activate You can feel time thicken for a moment.
Cheibriados lowers the support of your attributes as your movement quickens.
You are engulfed in blazing flames.
A red film seems to cover your vision as you go berserk!
Cheibriados forces you to slow down.
You feel mighty!
You are engulfed in blazing flames.
The fire giant closely misses you.
The forest fire spreads!
You hit the fire giant. You freeze the fire giant.
You headbutt the fire giant!!
The fire giant is severely wounded.
You are engulfed in blazing flames.
* * * LOW HITPOINT WARNING * * *
The forest fire spreads!
You slash the fire giant! You freeze the fire giant.
You headbutt the fire giant!
You kill the fire giant!
Cheibriados appreciates the change of pace.
You are engulfed in blazing flames.
You die...

#♣≈♣♣♣≈≈≈≈♣♣♣♣≈♣#.#.......
#.≈P♣♣♣≈.♣≈P♣P≈.#.........
#♣P≈♣♣♣P≈♣P≈♣≈P♣########..
♣♣♣≈≈≈≈.♣♣♣≈♣♣♣ .. ####♣.♣
##### . ♣♣.♣♣ ♣♣.♣♣
#♣§§§♣#♣...♣#
#§§§§§#.....#
#♣.♣@§#.....# ♣♣)♣♣#)÷...#
##♣W♣##.♣♣♣.# W#
#..B..#♣†♣.♣##)D.##
+..8.W'W♣♣♣C.BW8.$#
#..>..#♣.♣.♣##.B$##
##♣'♣## ♣♣♣ .# ♣.♣ ...


You could see a boulder beetle and a flayed ghost.

Vanquished Creatures
  A fire giant (D:11)
  2 two-headed ogres
  A centaur warrior (D:11)
  Amaemon (D:8)
  A manticore (D:11)
  Maurice (D:8)
  An orange demon (D:8)
  An efreet (D:10)
  A freezing wraith (D:11)
  Maggie (D:7)
  Grinder (D:4)
  A troll (D:11)
  A hornet (D:11)
  A slime creature (D:11)
  Sigmund (D:5)
  A vampire (D:10)
  9 yaks
  A water elemental (D:11)
  3 wyverns
  A wraith (D:11)
  Grum (D:8)
  4 steam dragons
  Menkaure (D:4)
  2 water moccasins
  A sky beast (D:5)
  An ice beast (D:6)
  2 orc warriors (D:8)
  2 wolves (D:8)
  A centaur (D:8)
  2 kobold brigands
  A bullfrog (D:7)
  2 necrophages (D:9)
  10 wights
  20 killer bees
  2 howler monkeys
  A lava snake (D:8)
  4 centaur zombies (D:9)
  3 hounds
  4 jellies
  A gnoll shaman (D:7)
  3 orc priests
  3 iguanas
  Ijyb (D:4)
  Natasha (thrice) (D:2)
  9 orc wizards
  3 mummies (D:9)
  4 howler monkey zombies (D:9)
  5 gnolls (D:7)
  2 river rats (Sewer)
  13 adders
  3 shadow imps (D:6)
  2 white imps (D:5)
  2 worms
  25 orcs
  3 bats (D:3)
  3 endoplasms
  3 giant cockroaches
  4 goblins
  10 hobgoblins
  A jackal (Sewer)
  A quokka (D:2)
  11 ball pythons
  10 frilled lizards
  13 kobolds
  12 rats
245 creatures vanquished.

Vanquished Creatures (others)
  28 plants
28 creatures vanquished.

Grand Total: 273 creatures vanquished

Notes
Turn   | Place    | Note
-------+----------+-------------------------------------------
     0 | D:1      | Ijustatesigmund the Minotaur Monk began the quest for the
                  | Orb.
     0 | D:1      | Reached XP level 1. HP: 19/19 MP: 0/0
   176 | D:1      | Found Hixevym's Assorted Antiques.
   259 | D:1      | Reached skill level 1 in Armour
   276 | D:1      | Reached XP level 2. HP: 25/27 MP: 1/1
   415 | D:1      | Bought a scroll labelled ESIXUE BIEJIO for 33 gold pieces
   415 | D:1      | Bought a scroll labelled CYEWOEC SAUQER for 33 gold pieces
   630 | D:2      | Noticed Natasha
   639 | D:2      | Killed Natasha
   640 | D:2      | Reached XP level 3. HP: 26/33 MP: 2/2
   742 | D:2      | Found a hazy altar of Hepliaklqana.
   965 | D:2      | Noticed Natasha
   971 | D:2      | Killed Natasha
   972 | D:2      | Reached XP level 4. HP: 36/41 MP: 3/3
  1033 | D:2      | Noticed Natasha
  1044 | D:2      | Killed Natasha
  1673 | D:3      | Reached skill level 5 in Fighting
  1848 | D:3      | Reached XP level 5. HP: 48/48 MP: 4/4
  1890 | D:3      | Reached skill level 5 in Axes
  1956 | D:1      | Bought a glittering zirconium amulet for 165 gold pieces
  1956 | D:1      | Identified the amulet "Rabocre" {Faith rC+ rN+++ Dex-5
                  | SInv} (You bought it in a shop on level 1 of the Dungeon)
  2252 | D:4      | Noticed Grinder
  2262 | D:4      | Paralysed by Grinder for 4 turns
  2281 | D:4      | Killed Grinder
  2282 | D:4      | Reached XP level 6. HP: 33/57 MP: 5/5
  2454 | D:4      | Found a glowing drain.
  2470 | Sewer    | Entered a sewer
  2747 | Sewer    | Identified a scroll of acquirement
  2747 | Sewer    | Acquired 694 gold pieces
  3384 | D:4      | Noticed Menkaure
  3387 | D:4      | Noticed Ijyb
  3399 | D:4      | Killed Menkaure
  3400 | D:4      | Reached skill level 5 in Armour
  3400 | D:4      | Reached XP level 7. HP: 52/64 MP: 6/6
  3404 | D:4      | Killed Ijyb
  3669 | D:4      | Found a burning altar of Makhleb.
  3684 | D:4      | Found a white marble altar of Elyvilon.
  3829 | D:5      | Entered Level 5 of the Dungeon
  3832 | D:5      | Found a transporter.
  3839 | D:5      | Noticed a two-headed ogre
  3839 | D:5      | Noticed Dabor's ghost (novice GrFi)
  3845 | D:5      | Found a transporter.
  4289 | D:5      | Reached XP level 8. HP: 71/73 MP: 7/7
  4350 | D:5      | Noticed Sigmund
  4366 | D:5      | Killed Sigmund
  5175 | D:6      | Found a staircase to the Ecumenical Temple.
  5213 | Temple   | Entered the Ecumenical Temple
  5338 | Temple   | Became a worshipper of Cheibriados the Contemplative
  5338 | Temple   | Reached * piety under Cheibriados
  5338 | Temple   | Reached ** piety under Cheibriados
  6019 | D:7      | Reached XP level 9. HP: 75/82 MP: 8/8
  6056 | D:7      | Noticed Maggie
  6060 | D:7      | Reached skill level 1 in Invocations
  6378 | D:7      | Reached *** piety under Cheibriados
  6471 | D:7      | Found Oza Ule's Jewellery Emporium.
  6519 | D:7      | Killed Maggie
  7249 | D:8      | Found a runed translucent gate.
  7250 | D:8      | Found a runed translucent gate.
  7281 | D:8      | Found a runed translucent gate.
  7293 | D:8      | Noticed Dabor's ghost (novice PaBe)
  7332 | D:8      | Noticed Maurice
  7346 | D:8      | HP: 3/84 [wight/+4 spear (9)]
  7352 | D:8      | Killed Maurice
  7573 | D:8      | Reached skill level 10 in Fighting
  7573 | D:8      | Reached skill level 10 in Axes
  7639 | D:8      | Reached **** piety under Cheibriados
  8039 | D:8      | Reached XP level 10. HP: 67/93 MP: 12/12
  8277 | D:8      | Noticed Amaemon
  8283 | D:8      | Noticed an orange demon
  8296 | D:8      | Killed Amaemon
  8298 | D:8      | Killed an orange demon
  8572 | D:8      | Noticed Grum
  8586 | D:8      | Killed Grum
  8587 | D:8      | Reached skill level 10 in Armour
  8775 | D:9      | Reached skill level 5 in Invocations
  9195 | D:9      | Found an ancient bone altar of Kikubaaqudgha.
  9490 | D:9      | Reached ***** piety under Cheibriados
  9731 | D:10     | Entered Level 10 of the Dungeon
 10103 | D:10     | Reached XP level 11. HP: 75/102 MP: 14/14
 10231 | D:10     | Noticed a two-headed ogre
 10237 | D:10     | Killed a two-headed ogre
 10476 | D:10     | Found a bloodstained altar of Trog.
 11162 | D:11     | Noticed a centaur warrior
 11165 | D:11     | Killed a centaur warrior
 11370 | D:11     | Noticed a boulder beetle
 11370 | D:11     | Noticed a two-headed ogre
 11371 | D:11     | Noticed a boulder beetle
 11374 | D:11     | Noticed a fire giant
 11377 | D:11     | Noticed a flayed ghost
 11380 | D:11     | Killed a two-headed ogre
 12049 | D:11     | Killed a fire giant
 12049 | D:11     | Engulfed by a cloud of flame

Illustrated notes

Levels and vault maps discovered:
D:1:      minmay_arrival_glassed_features, layout_rooms, serial_shops,
          nicolae_shop_hallway_stairs, amcnicky_mini_corridor_feature
D:2:      layout_loops_ring, basic_altar, uniq_natasha
D:3:      layout_loops_ring
D:4:      layout_rooms, jmf_multi_god_temple, cheibrodos_sewer_entry_drain,
          eino_tiny_chamber, uniq_menkaure, uniq_grinder, uniq_ijyb
D:5:      layout_basic, gammafunk_ghost_arena, uniq_sigmund
D:6:      layout_gridville, minmay_temple_entry_ruins
D:7:      layout_rooms, serial_shops, kennysheep_mini, hangedman_decor_growths,
          skrybe_limestone_x, dk_noncrumbling_2, chequers_serial_rivers_large_b,
          uniq_maggie
D:8:      layout_gridville, gammafunk_ghost_split, nicolae_lava_and_water,
          uniq_maurice, uniq_grum, uniq_amaemon
D:9:      layout_gridville, mainiacjoe_overflow_catwalk, serial_undead,
          serial_undead_f, serial_undead_a, serial_undead_a, serial_undead_a
D:10:     layout_basic, mainiacjoe_overflow_concentric_impassable
D:11:     nzn_winding_woodlands_stair_cross
          [nzn_winding_woodlands_5x15_lazy_stream,
          nzn_winding_woodlands_center_pierced_h,
          nzn_winding_woodlands_5x15_parted,
          nzn_winding_woodlands_5x5_closed_star,
          nzn_winding_woodlands_5x5_default,
          nzn_winding_woodlands_5x15_concentric,
          nzn_winding_woodlands_center_garden,
          nzn_winding_woodlands_5x15_river_crossing], layout_stronghold,
          dpeg_oklobed_lair
Temple:   compressed_dpeg_circular_temple

Skill      XL: |  1  2  3  4  5  6  7  8  9 10 11 |
---------------+----------------------------------+-----
Armour         | 1 2 3 4 5 6 7 9 10 11 | 11.7
Fighting       | 4 5 6 7 8 10 11 12 | 12.3
Axes           | 4 5 6 7 8 10 11 12 | 12.3
Invocations    | 4 6 7 |  7.2
Dodging        | |  3.2
Stealth        | |  1.5

Action                   |  1- 3 |  4- 6 |  7- 9 | 10-12 || total
-------------------------+-------+-------+-------+-------++-------
Melee: Hand axe          |    50 |   201 |   135 |       ||   386
       Headbutt          |     7 |    27 |    42 |    40 ||   116
       Punch             |     1 |       |     3 |     1 ||     5
       War axe           |       |       |    91 |   162 ||   253
Invok: Bend Time         |       |       |     1 |     2 ||     3
       Slouch            |       |       |       |     3 ||     3
Evoke: Wand              |       |       |     4 |     6 ||    10
  Use: Scroll            |     3 |     9 |     7 |    12 ||    31
       Potion            |       |     2 |     6 |     5 ||    13
Armor: Ring mail         |    12 |       |       |       ||    12
       Robe              |     1 |       |       |       ||     1
       Plate armour      |       |   135 |   143 |   154 ||   432
Dodge: Dodged            |    29 |    58 |    75 |   105 ||   267

Table legend: (Time is in decaauts)
 A = Elapsed time spent in this place.
 B = Non-inter-level travel time spent in this place.
 C = Inter-level travel time spent in this place.
 D = Time resting spent in this place.
 E = Time spent auto-exploring this place.
 F = Levels seen in this place.
 G = Mean time per level.
                   A        B        C        D        E       F      G
               +--------+--------+--------+--------+--------+-----+--------+
         Total |  14223 |  13799 |    424 |   2858 |   9135 |  13 | 1094.1 |
       Dungeon |  13141 |  12730 |    411 |   2854 |   8280 |  11 | 1194.6 |
        Temple |    143 |    130 |     13 |      0 |     77 |   1 |  143.0 |
         Sewer |    938 |    938 |      0 |      4 |    778 |   1 |  938.0 |
               +--------+--------+--------+--------+--------+-----+--------+

Top non-repeatable levels by time:
     D:8: 2035 daAuts
    D:10: 2002 daAuts
     D:7: 1526 daAuts
     D:9: 1382 daAuts
     D:6: 1268 daAuts
    D:11: 1025 daAuts
     D:2: 943 daAuts
   Sewer: 938 daAuts
     D:3: 880 daAuts
     D:5: 841 daAuts
     D:4: 716 daAuts
     D:1: 519 daAuts
  Temple: 143 daAuts
